 Dungeon Crawl Stone Soup version 0.29.1-1-gd02db6906a (webtiles) character file.

Game seed: 17568416918869395667

387796 cdecastro the Fencer (level 22, -22/174 (209) HPs)
             Began as a Demonspawn Gladiator on Oct 10, 2022.
             Was an Elder of Kikubaaqudgha.
             Killed from afar by an ironbound frostheart (49 damage)
             ... by creeping frost
             ... on level 2 of the Vaults on Oct 12, 2022.
             The game lasted 04:42:59 (54590 turns).

cdecastro the Fencer (Demonspawn Gladiator)        Turns: 54590, Time: 04:43:00

HP:   -22/174 (209) AC: 24    Str: 20    XL:     22   Next: 3%
MP:   37/38         EV: 20    Int: 20    God:    Kikubaaqudgha [****..]
Gold: 2585          SH:  0    Dex: 17    Spells: 13/31 levels left

rFire   . . .      SeeInvis .   B - +7 triple sword "Zegop" {pain, rPois Will- MP+9 Str+3 Int+4}
rCold   . . .      Faith    .   (shield currently unavailable)
rNeg    . . .      Spirit   .   N - +5 ring mail of the Mind {+Inv Regen+}
rPois   +          Reflect  .   (helmet unavailable)
rElec   .          Harm     .   K - +1 cloak {Will+}
rCorr   .          Rampage  .   w - +1 pair of gloves
Will    +....                   F - +0 pair of boots
Stlth   +.........              f - amulet of the acrobat
HPRegen 1.19/turn               u - +4 ring of slaying
MPRegen 0.26/turn               T - +4 ring of evasion

@: very slightly contaminated, heavily drained, invisible
A: horns 3, slimy green scales 3, foul stench 3, icemail 2, robust 1,
condensation shield
}: 2/15 runes: decaying, gossamer
a: Renounce Religion, Evoke Invisibility, Unearth Wretches


You were on level 2 of the Vaults.
You worshipped Kikubaaqudgha.
Kikubaaqudgha was greatly pleased with you.
You visited 10 branches of the dungeon, and saw 40 of its levels.
You also visited: Ossuary, Bailey and Gauntlet.

You collected 5493 gold pieces.
You spent 2908 gold pieces at shops.

Inventory:

Hand Weapons
 c - a +3 scimitar of flaming
 B - the +7 triple sword "Zegop" (weapon) {pain, rPois Will- MP+9 Str+3 Int+4}
   (You found it on level 4 of the Dungeon)

   In the hands of one skilled in necromantic magic, it inflicts extra damage on
   living creatures.
   Str:       It affects your strength (+3).
   Int:       It affects your intelligence (+4).
   rPois:     It protects you from poison.
   MP:        It affects your magic capacity (+9).
   Will:      It decreases your willpower.
 C - the +7 arbalest of Inference {flame, rCorr MP-9 Str+4 SInv}
   (You bought it in a shop on level 2 of the Orcish Mines)

   Any ammunition fired from it burns those it strikes, dealing additional fire
   damage.
   Str:       It affects your strength (+4).
   MP:        It affects your magic capacity (-9).
   SInv:      It lets you see invisible.
   rCorr:     It protects you from acid and corrosion.
Missiles
 e - 2 datura-tipped darts
 l - 10 curare-tipped darts (quivered)
 E - 2 poisoned darts
Armour
 p - the +7 tower shield "Vihy" {Dex+5}
   (You took it off a vampire knight on level 2 of the Depths)

   Dex:       It affects your dexterity (+5).
 w - a +1 pair of gloves (worn)
 F - a +0 pair of boots (worn)
 K - a +1 cloak of willpower (worn)
 N - the +5 ring mail of the Mind (worn) {+Inv Regen+}
   (You found it on level 8 of the Dungeon)

   +Inv:      It lets you turn invisible.
   Regen:     It increases your rate of health regeneration.
Jewellery
 f - an amulet of the acrobat (around neck)
 g - a ring of positive energy
 r - a ring of wizardry
 u - a +4 ring of slaying (left hand)
 P - a ring of flight
 R - a +4 ring of protection
 T - a +4 ring of evasion (right hand)
 X - a ring of protection from cold
Wands
 a - a wand of mindburst (23)
 d - a wand of polymorph (7)
 y - a wand of iceblast (40)
 D - a wand of quicksilver (37)
 S - a wand of digging (3)
 U - a wand of flame (25)
Scrolls
 b - 10 scrolls of vulnerability
 k - 2 scrolls of torment
 q - 2 scrolls of silence
 s - 11 scrolls of immolation
 t - a scroll of enchant armour
 v - 5 scrolls of poison
 H - 3 scrolls of blinking
 I - 9 scrolls of teleportation
 L - 2 scrolls of magic mapping
 M - 2 scrolls of amnesia
 V - 10 scrolls of fear
 Z - 2 scrolls of summoning
Potions
 h - 12 potions of heal wounds
 i - 3 potions of cancellation
 j - 3 potions of flight
 n - 4 potions of brilliance
 o - 4 potions of might
 z - 7 potions of invisibility
 A - 5 potions of magic
 G - 10 potions of haste
 J - 20 potions of curing
 W - a potion of mutation
 Y - 4 potions of resistance
Miscellaneous
 m - a phial of floods
 x - a condenser vane
 O - a lightning rod (4/4)
 Q - a tin of tremorstones (2/2)


   Skills:
 - Level 20.0 Fighting
 - Level 20.0 Long Blades
 - Level 6.2 Polearms
 + Level 9.7 Ranged Weapons
 - Level 1.7 Throwing
 - Level 15.0 Armour
 - Level 10.0 Dodging
 - Level 5.0 Spellcasting
 - Level 10.0 Necromancy
 - Level 15.0 Evocations


You had 13 spell levels left.
You knew the following spells:

 Your Spells              Type           Power      Damage    Failure   Level
a - Vampiric Draining     Necr           45%        2d9       1%          3
b - Dispel Undead         Necr           45%        3d17      2%          4
c - Agony                 Necr           45%        N/A       8%          5
d - Blink                 Tloc           10%        N/A       24%         2
e - Animate Dead          Necr           45%        N/A       2%          4

Your spell library contained the following spells:

 Spells                   Type           Power      Damage    Failure   Level
 Necrotise                Necr           100%       1d9       1%          1
 Sublimation of Blood     Necr           45%        N/A       1%          2
 Apportation              Tloc           10%        N/A       16%         1
 Beastly Appendage        Tmut           10%        N/A       16%         1
 Slow                     Hex            20%        N/A       16%         1
 Anguish                  Hex/Necr       12%        N/A       21%         4
 Passwall                 Tmut/Erth      4%         N/A       24%         2
 Poisonous Vapours        Pois/Air       10%        N/A       24%         2
 Static Discharge         Conj/Air       5%         3-4/arc   24%         2
 Wereblood                Tmut           5%         N/A       24%         2
 Corpse Rot               Necr/Pois/Air  18%        N/A       38%         4
 Death Channel            Necr           22%        N/A       38%         6
 Confusing Touch          Hex            5%         N/A       43%         3
 Dazzling Flash           Conj/Hex       10%        N/A       43%         3
 Gell's Gravitas          Tloc           5%         N/A       43%         3
 Inner Flame              Hex/Fire       5%         N/A       43%         3
 Lesser Beckoning         Tloc           5%         N/A       43%         3
 Ozocubu's Armour         Ice            5%         N/A       43%         3
 Spider Form              Tmut/Pois      5%         N/A       43%         3
 Stone Arrow              Conj/Erth      10%        3d7       43%         3
 Summon Guardian Golem    Hex/Summ       5%         N/A       43%         3
 Teleport Other           Tloc           5%         N/A       43%         3
 Tukima's Dance           Hex            5%         N/A       43%         3
 Borgnjor's Vile Clutch   Necr/Erth      12%        N/A       50%         5
 Cause Fear               Hex            2%         N/A       85%         4
 Passage of Golubria      Tloc           5%         N/A       85%         4
 Sticky Flame             Conj/Fire      5%         2d3       85%         4
 Summon Ice Beast         Ice/Summ       5%         N/A       85%         4
 Simulacrum               Ice/Necr       12%        N/A       97%         6
 Alistair's Intoxication  Tmut/Pois      3%         N/A       99%         5
 Fireball                 Conj/Fire      2%         3d4       99%         5
 Iskenderun's Battlesphe  Conj           5%         2d6       99%         5
 Manifold Assault         Tloc           5%         N/A       99%         5
 Silence                  Hex/Air        2%         N/A       99%         5
 Summon Forest            Summ/Tloc      2%         N/A       99%         5
 Summon Mana Viper        Hex/Summ       5%         N/A       99%         5
 Yara's Violent Unravell  Hex/Tmut       2%         3d3       99%         5
 Conjure Ball Lightning   Conj/Air       2%         3x3d6     100%        6
 Dispersal                Tloc           2%         N/A       100%        6
 Starburst                Conj/Fire      2%         6d3       100%        6
 Summon Cactus Giant      Summ           2%         N/A       100%        6
 Haunt                    Necr/Summ      12%        N/A       100%        7
 Malign Gateway           Summ/Tloc      2%         N/A       100%        7
 Orb of Destruction       Conj           2%         9d5       100%        7
 Ozocubu's Refrigeration  Ice            2%         4d8       100%        7
 Discord                  Hex            2%         N/A       100%        8
 Ignition                 Fire           2%         3d3       100%        8
 Infestation              Necr           22%        N/A       100%        8
 Summon Horrible Things   Summ           2%         N/A       100%        8


Dungeon Overview and Level Annotations

Branches:
Dungeon (15/15)            Temple (1/1) D:7            Lair (5/5) D:11
  Swamp (4/4) Lair:2       Spider (4/4) Lair:2        Slime (1/5) Lair:4
    Orc (2/2) D:10            Elf (2/3) Orc:2        Vaults (2/5) D:14
 Depths (4/4) D:15            Zot (0/5) Depths:4    Ossuary (visited)
 Bailey (visited)         Gauntlet (visited)
  Crypt: Vaults:2-3

Altars:
Ashenzari
Cheibriados
Dithmenos
Fedhas
Gozag
Hepliaklqana
Kikubaaqudgha
Makhleb
Nemelex Xobeh
Okawaru
Qazlal
Ru
Sif Muna
Trog
Uskayaw
Vehumet
Wu Jian
Xom
Yredelemnul
Ignis

Shops:
D:6 [   D:12 !   Orc:2 ?:([(   Vaults:2 *   Depths:1 ?   Depths:2 :

Portals:
Hell: Depths:1 Depths:2 Depths:3
Abyss: Depths:3
Pandemonium: Depths:2
Ziggurat: Depths:3


Innate Abilities, Weirdness & Mutations

You have a pair of large horns on your head.
You are completely covered in slimy green scales. (AC +4, rPois)
You frequently emit foul miasma when damaged in melee.
A meltable icy envelope protects you from harm. (AC +0)
You are robust. (+10% HP)
A meltable shield of frost defends you. (SH +0)


Message History

* * * LOW HITPOINT WARNING * * *
The ironbound preserver is engulfed in dark miasma.
The ironbound preserver looks even sicker.
The ironbound preserver barely misses you.
Unknown command.
You hit the vault warden.
The vault warden is lightly wounded.
The ice encasing you melts away.
The vault warden hits you but does no damage.
The ironbound preserver barely misses you.
The centaur warrior closely misses you. The centaur warrior misses you.
The yaktaur misses you.
The ironbound preserver is engulfed in dark miasma.
The ironbound preserver looks as sick as possible!
The ironbound preserver closely misses you.
Unknown command.
You slash the vault warden! Your headbutt misses the vault warden.
The vault warden is moderately wounded.
The vault warden closely misses you.
The ironbound preserver hits you with a +0 mace!
* * * LOW HITPOINT WARNING * * *
You emit a cloud of foul miasma!
The centaur warrior hits you but does no damage.
The centaur warrior closely misses you.
The yaktaur is engulfed in dark miasma.
The yaktaur looks even sicker.
The yaktaur seems to slow down.
You kill the yaktaur!
Kikubaaqudgha accepts your kill.
The yaktaur wields a +0 arbalest.
The yaktaur shoots a bolt.
The bolt hits you!
* * * LOW HITPOINT WARNING * * *
You feel much better.
The ironbound preserver is engulfed in dark miasma.
The ironbound preserver looks as sick as possible!
The vault warden hits you with a +1 battleaxe of flaming!
* * * LOW HITPOINT WARNING * * *
The vault warden burns you.
* * * LOW HITPOINT WARNING * * *
The ironbound frostheart calls freezing cold from the walls.
The frost grips you!!!
You die...
Kikubaaqudgha rasps: "You have failed me!
Welcome... death!"

####.........#..##..'..##..#
#.........#......#......#
#.........#......#......#
#.........####'#####'####
#.........#.....?#......#
#.........#......#......#
#.........#..##..+..##..#
#.........#.c##..#..# ..#
#.........#pc@○p.#......#
#.Tpp..#......#
#+############# .. ...
########### .. #.........# .
#.........# #.........#
#..<......#


You could see 2 ironbound preservers, a vault warden (very poisoned), an
ironbound frostheart, a centaur warrior (unable to see you, extremely poisoned,
slow), a deep troll and a yaktaur (unable to see you).

Vanquished Creatures
  A juggernaut (Depths:1)
  Bai Suzhen (Spider:3)
  4 tentacled monstrosities
  Rupert (D:14)
  An iron giant (D:14)
  Jorgrun (Spider:3)
  A walking frostbound tome (Depths:3)
  3 liches
  An acid blob (Lair:4)
  A sphinx (Vaults:2)
  A shadow dragon (Depths:3)
  2 tengu reavers (Depths:4)
  A draconian monk (Depths:4)
  Donald (Spider:3)
  A fenstrider witch (Swamp:3)
  7 frost giants
  The ghost of PorkyPig the Cleaver, a journeyman HOMo of Nemelex Xobeh (D:14)
  3 spectral caustic shrikes (Depths:2)
  An iron dragon (Depths:3)
  2 vault wardens
  4 emperor scorpions
  A balrug (Depths:3)
  Aizul (Vaults:1)
  2 deep elf sorcerers
  6 ghost moths
  5 fire giants
  An orc warlord (Vaults:1)
  A caustic shrike zombie (Depths:3)
  A draconian shifter (Depths:4)
  A spriggan defender (Depths:3)
  A quicksilver ooze (Gauntlet)
  8 stone giants
  5 ironbound preservers
  3 broodmothers
  3 ironbound thunderhulks
  A vampire knight (Depths:2)
  A juggernaut skeleton (Depths:3)
  28 very ugly things
  A deep elf demonologist (Elf:2)
  2 green draconians (Depths:4)
  5 eleionomae
  A minotaur (Gauntlet)
  2 deep elf annihilators
  A yellow draconian (Depths:4)
  3 entropy weavers
  Nessos (D:14)
  Azrael (D:14)
  A dire elephant (Lair:5)
  A red draconian (Depths:4)
  The ghost of om the Impaler, a journeyman MfBe of Trog (Orc:1)
  2 white draconians (Depths:4)
  2 ettins
  2 eidola (Depths:2)
  Snorg (D:10)
  A blizzard demon (Depths:2)
  6 spark wasps
  2 bunyips
  Josephine (D:15)
  2 spectral golden dragons (Depths:2)
  9 fire dragons
  2 deep elf death magi (Depths:2)
  5 yaktaur captains
  3 jiangshi (Depths:2)
  2 spriggan zombies
  3 rakshasas
  A salamander tyrant (Depths:3)
  A caustic shrike simulacrum (Depths:2)
  2 juggernaut simulacra (Depths:2)
  3 hell beasts (Depths:2)
  Erolcha (D:10)
  17 hydras
  A merfolk avatar (Lair:5)
  A catoblepas (Lair:5)
  8 boulder beetles
  8 ice dragons
  3 ogre magi
  2 spriggan air magi (Depths:2)
  5 jorogumos
  A radroach (Spider:4)
  16 centaur warriors
  6 alligators
  4 ironbound frosthearts (Vaults:1)
  8 two-headed ogres
  10 tengu warriors
  5 deep troll earth magi
  6 deep troll shamans
  2 hell hogs (Depths:3)
  20 dancing weapons
  4 death yaks (Lair:5)
  2 vampire magi (Depths:2)
  A death scarab (Spider:4)
  An orc high priest (Orc:2)
  A spectral storm dragon (D:14)
  A shock serpent (Depths:1)
  A titan zombie (Depths:3)
  17 deep elf knights
  A sun demon (Depths:3)
  Sonja (D:13)
  9 spriggan berserkers
  5 iron trolls
  A shadow wraith (Depths:2)
  22 hell knights
  8 pharaoh ants
  5 skeletal warriors
  A storm dragon skeleton (Depths:2)
  Lodul (D:11)
  3 flayed ghosts
  A golden dragon zombie (Depths:2)
  2 sun moths
  24 deep trolls
  3 goliath frogs
  A sea snake (Lair:5)
  11 orb spiders
  An orb spider (shapeshifter) (Vaults:1)
  11 swamp dragons
  6 steelbarb worms
  4 bog bodies
  A wizard (D:15)
  A tengu zombie (Depths:2)
  Pikel (Temple)
  5 spriggan druids
  5 ironbound convokers
  2 golden dragon skeletons (Depths:2)
  4 phantasmal warriors
  21 deep elf pyromancers
  27 deep elf zephyrmancers
  8 orc knights
  3 lindwurms
  10 deep elf archers
  A harpy (Lair:5)
  8 necromancers
  8 cyclopes
  The ghost of turdburglar the Martial Artist, a novice DsFi of Jiyva (D:7)
  9 manticores
  3 orc sorcerers
  25 wolf spiders
  A stone giant zombie (Depths:2)
  A fire giant zombie (D:14)
  3 will-o-the-wisps
  An iron dragon zombie (Depths:2)
  7 moths of wrath
  A tengu skeleton (Depths:2)
  9 elephants
  3 oklob plants (Lair:4)
  4 salamanders (Depths:3)
  32 ugly things
  10 black mambas
  Maurice (D:13)
  A water nymph (shapeshifter) (Depths:2)
  4 gargoyles
  12 cane toads
  5 torpor snails
  4 vault sentinels
  An unseen horror (D:12)
  5 demonic crawlers
  Maggie (Lair:1)
  A torpor snail (shapeshifter) (D:14)
  5 rime drakes (Lair:5)
  An ice devil (D:8)
  8 komodo dragons
  2 tengu conjurers
  2 efreet (D:9)
  A spectral human (Depths:2)
  9 yaktaurs
  6 freezing wraiths
  A yaktaur (shapeshifter) (Elf:2)
  A spark wasp simulacrum (Depths:3)
  A hellwing (Depths:2)
  A queen bee (D:14)
  8 trolls
  Grinder (D:6)
  A wolf spider simulacrum (D:14)
  3 polar bears
  11 meliai
  13 hornets
  16 tarantellas
  13 tyrant leeches
  18 slime creatures
  Prince Ribbit (D:5)
  14 blink frogs
  A frost giant simulacrum (Depths:2)
  2 snapping turtles (Lair:5)
  6 dream sheep (Lair:5)
  6 small abominations (Gauntlet)
  A fire giant simulacrum (D:14)
  27 jumping spiders
  A spriggan (shapeshifter) (Elf:1)
  Sigmund (D:3)
  17 culicivoras
  4 flying skulls
  A shadow (D:11)
  A vampire (D:12)
  14 spriggans
  An air elemental (Elf:2)
  2 large abominations (Gauntlet)
  3 wyverns
  17 fire elementals
  30 yaks
  5 wraiths
  Eustachio (D:6)
  3 basilisks
  Grum (D:10)
  4 water elementals
  12 steam dragons
  16 humans
  A hog (shapeshifter) (D:15)
  33 redbacks
  20 vampire mosquitoes
  Edmund (D:4)
  3 wargs
  10 swamp worms
  2 acid dragons
  4 hell hounds (D:14)
  21 water moccasins
  A floating eye (Depths:3)
  2 glowing shapeshifter skeletons (Depths:2)
  5 black bears
  36 orc warriors
  7 swamp drakes
  An ice beast (D:6)
  9 wolves
  30 ogres
  20 centaurs
  A phantom (D:7)
  2 kobold brigands
  A necrophage (D:6)
  3 scorpions
  A glowing shapeshifter simulacrum (Depths:2)
  4 bullfrogs
  2 earth elementals
  4 water moccasin zombies (Ossuary)
  5 wights (D:7)
  38 killer bees
  9 howler monkeys
  7 electric eels
  A lava snake (Swamp:4)
  A human zombie (D:5)
  2 jellies
  4 hounds
  26 orc priests
  Crazy Yiuf (D:5)
  A gnoll bouda (D:6)
  Terence (D:2)
  9 iguanas
  Ijyb (D:3)
  27 orc wizards
  2 mummies (Ossuary)
  10 gnolls
  6 adders
  4 white imps
  An ufetubus (D:5)
  4 adder zombies (Ossuary)
  3 dart slugs
  2 worms
  96 orcs
  10 bats
  10 endoplasms
  2 giant cockroaches (D:1)
  5 gnoll zombies (Ossuary)
  11 goblins
  6 hobgoblins
  4 jackals (D:5)
  17 kobolds
  3 quokkas
  2 ball pythons (D:4)
  3 frilled lizards
  4 hobgoblin zombies (Ossuary)
  3 kobold zombies (Ossuary)
  8 orc zombies (Ossuary)
  6 rats
1594 creatures vanquished.

Vanquished Creatures (collateral kills)
  A centaur (D:13)
1 creature vanquished.

Vanquished Creatures (others)
  Asterion (Spider:3)
  A fire giant (Depths:3)
  An orc warlord (Orc:2)
  An ironbound preserver (Vaults:1)
  A very ugly thing (Depths:3)
  An ironbound frostheart (Vaults:1)
  2 centaur warriors (Vaults:1)
  A dancing weapon (Elf:2)
  A wizard (D:15)
  2 deep elf zephyrmancers
  3 deep elf pyromancers
  An ugly thing (Depths:3)
  3 bloated husks
  A fire elemental (D:14)
  2 steam dragons
  2 swamp drakes (Swamp:4)
  4 centaurs
  An electric eel (D:8)
  4 orcs
  77 foxfires
  20 fungi
  60 plants
190 creatures vanquished.

Grand Total: 1785 creatures vanquished

Notes
Turn   | Place    | Note
-------+----------+-------------------------------------------
     0 | D:1      | cdecastro the Demonspawn Gladiator began the quest for the
                  | Orb.
     0 | D:1      | Reached XP level 1. HP: 16/16 MP: 1/1
   243 | D:1      | Gained mutation: A meltable shield of frost defends you.
                  | (SH +0) [demonic ancestry]
   243 | D:1      | Reached XP level 2. HP: 14/22 MP: 2/2
   521 | D:1      | Found a faded altar of an unknown god.
   723 | D:1      | Gained mutation: You have a pair of small horns on your
                  | head. [demonic ancestry]
   723 | D:1      | Reached XP level 3. HP: 27/27 MP: 3/3
  1124 | D:1      | Prayed at the altar of an unknown god.
  1124 | D:1      | Became a worshipper of Ignis, the Dying Flame
  1548 | D:2      | Gained mutation: You are partially covered in slimy green
                  | scales. (AC +2) [demonic ancestry]
  1548 | D:2      | Reached XP level 4. HP: 26/33 MP: 4/4
  1560 | D:2      | Noticed Terence
  1575 | D:2      | Killed Terence
  1576 | D:2      | Reached skill level 5 in Polearms
  2345 | D:2      | Got the Volume of Entrancing Transfiguration
  2499 | D:3      | Noticed Sigmund
  2883 | D:2      | Gained mutation: A meltable icy envelope protects you from
                  | harm. (AC +0) [demonic ancestry]
  2883 | D:2      | Reached XP level 5. HP: 38/38 MP: 5/5
  3014 | D:3      | Noticed a black bear
  3056 | D:3      | Killed a black bear
  3286 | D:3      | Noticed Ijyb
  3304 | D:3      | Killed Ijyb
  3305 | D:3      | Reached XP level 6. HP: 43/44 MP: 6/6
  3619 | D:4      | Identified the +7 triple sword "Zegop" {pain, rPois Will-
                  | MP+9 Str+3 Int+4}
  3697 | D:4      | Reached skill level 1 in Long Blades
  4347 | D:4      | Reached XP level 7. HP: 43/50 MP: 7/7
  4462 | D:4      | Noticed Edmund
  4470 | D:4      | Killed Edmund
  4732 | D:4      | Reached skill level 5 in Long Blades
  5265 | D:5      | Entered Level 5 of the Dungeon
  5342 | D:5      | Gained mutation: You have a pair of horns on your head.
                  | [demonic ancestry]
  5342 | D:5      | Reached XP level 8. HP: 49/56 MP: 8/8
  5513 | D:5      | Found a sand-covered staircase.
  5551 | Ossuary  | Entered an ossuary
  6295 | D:5      | Found a runed translucent door.
  6296 | D:5      | Noticed Crazy Yiuf
  6321 | D:5      | Noticed Prince Ribbit
  6339 | D:5      | Killed Prince Ribbit
  6588 | D:5      | Gained mutation: You may rarely emit foul miasma when
                  | damaged in melee. [demonic ancestry]
  6588 | D:5      | Reached XP level 9. HP: 61/61 MP: 9/9
  6654 | D:5      | Found a stormy altar of Qazlal.
  7129 | D:5      | Killed Crazy Yiuf
  7357 | D:6      | Reached skill level 10 in Long Blades
  7386 | D:6      | Noticed Eustachio
  7418 | D:6      | Killed Eustachio
  7470 | D:6      | Noticed Grinder
  7473 | D:6      | Paralysed by Grinder for 5 turns
  7494 | D:6      | Killed Grinder
  7503 | D:6      | Reached skill level 5 in Fighting
  7575 | D:6      | Identified the +0 robe "Zoimmait" {Str+3 Dex+3}
  8209 | D:6      | Found Owidapsa's Armour Shop.
  8220 | D:6      | Bought a +0 cloak of willpower for 115 gold pieces
  8220 | D:6      | Bought a +0 pair of gloves for 45 gold pieces
  8580 | D:7      | Noticed turdburglar's ghost (novice DsFi)
  8581 | D:7      | Found a runed translucent door.
  8604 | D:7      | Gained mutation: You sometimes emit foul miasma when
                  | damaged in melee. [demonic ancestry]
  8604 | D:7      | Reached XP level 10. HP: 73/79 MP: 10/10
  8872 | D:7      | Found a staircase to the Ecumenical Temple.
  8905 | Temple   | Entered the Ecumenical Temple
  8928 | D:7      | Noticed Pikel
  8942 | Temple   | Killed Pikel
  9395 | D:8      | Identified the +5 ring mail of the Mind {+Inv Regen+}
 10004 | D:9      | Noticed a gargoyle
 10004 | D:9      | Noticed a gargoyle
 10005 | D:9      | Noticed a gargoyle
 10013 | D:9      | Noticed a gargoyle
 10092 | D:9      | Reached skill level 10 in Fighting
 10103 | D:9      | Found a flagged portal.
 10110 | Bailey   | Entered a bailey
 10175 | Bailey   | Noticed a two-headed ogre
 10187 | Bailey   | Killed a two-headed ogre
 10196 | Bailey   | Reached XP level 11. HP: 31/90 MP: 11/11
 10538 | D:9      | Found a shimmering blue altar of Sif Muna.
 10781 | D:9      | You fall into a shaft and drop 1 floor!
 10781 | D:10     | Entered Level 10 of the Dungeon
 10789 | D:10     | Noticed Snorg
 10870 | D:9      | Noticed a two-headed ogre
 10873 | D:9      | Killed a two-headed ogre
 11062 | D:9      | Noticed a deep elf pyromancer
 11195 | D:8      | Reached skill level 5 in Evocations
 11195 | D:8      | Reached skill level 1 in Armour
 11259 | D:9      | Killed a deep elf pyromancer
 11398 | D:10     | Noticed Grum
 11418 | D:10     | Killed Grum
 11752 | D:10     | Found a staircase to the Orcish Mines.
 11903 | D:10     | Noticed Erolcha
 11927 | D:10     | Killed Erolcha
 11928 | D:10     | Reached skill level 5 in Armour
 12037 | D:10     | Killed Snorg
 12088 | D:10     | Reached skill level 5 in Dodging
 12113 | D:10     | Gained mutation: You frequently emit foul miasma when
                  | damaged in melee. [demonic ancestry]
 12113 | D:10     | Reached XP level 12. HP: 82/97 MP: 12/12
 12923 | D:11     | Noticed Lodul
 12960 | D:11     | Killed Lodul
 12996 | D:11     | Found a staircase to the Lair.
 13112 | D:11     | Noticed a boulder beetle
 13125 | D:11     | Killed a boulder beetle
 13380 | D:12     | Noticed a boulder beetle
 13390 | D:12     | Killed a boulder beetle
 13484 | D:12     | Found a gate leading to a gauntlet.
 13521 | Gauntlet | Entered a Gauntlet
 13521 | Gauntlet | Found a transporter.
 13521 | Gauntlet | Found a transporter.
 13530 | Gauntlet | Found a transporter.
 13540 | Gauntlet | Found a transporter.
 13555 | Gauntlet | Found a transporter.
 13565 | Gauntlet | Found a transporter.
 13580 | Gauntlet | Found a transporter.
 13586 | Gauntlet | Found a transporter.
 13600 | Gauntlet | Found a transporter.
 13600 | Gauntlet | Noticed a quicksilver ooze
 13621 | Gauntlet | Found a transporter.
 13621 | Gauntlet | Found a transporter.
 13666 | Gauntlet | Found a transporter.
 13989 | Gauntlet | Killed a quicksilver ooze
 14050 | Gauntlet | Identified the +4 hand axe of Beishio {protect, rPois rCorr
                  | Stlth-}
 14050 | Gauntlet | Noticed a minotaur
 14061 | Gauntlet | Killed a minotaur
 14066 | Gauntlet | Got the Codex of the Productive Excursion
 14130 | D:12     | Noticed a four-headed hydra
 14147 | D:12     | Killed a one-headed hydra
 14444 | D:12     | Found Poakuov's Distillery.
 14449 | D:12     | Bought a potion of attraction for 39 gold pieces
 14449 | D:12     | Bought a potion of resistance for 130 gold pieces
 14455 | D:12     | Bought a potion of attraction for 39 gold pieces
 14455 | D:12     | Bought a potion of curing for 39 gold pieces
 14455 | D:12     | Bought a potion of heal wounds for 65 gold pieces
 14455 | D:12     | Bought a potion of berserk rage for 65 gold pieces
 14455 | D:12     | Bought a potion of curing for 39 gold pieces
 14601 | D:13     | Noticed a centaur warrior
 14892 | D:13     | Gained mutation: You are mostly covered in slimy green
                  | scales. (AC +3) [demonic ancestry]
 14892 | D:13     | Reached XP level 13. HP: 85/108 MP: 13/13
 15005 | D:13     | Identified the +1 ring mail of Heqelim {Str+3 Int-3 Dex+2}
 15026 | D:13     | Identified the +1 ring mail "Daqeukoesa" {rC+}
 15301 | D:13     | Noticed Maurice
 15310 | D:13     | Killed Maurice
 15409 | D:13     | Identified the ring "Muvutsi" {MP+9 EV+4 Str-3 Int+2}
 15575 | D:13     | Noticed Sonja
 15588 | D:13     | Killed Sonja
 15714 | D:14     | Noticed Nessos
 15714 | D:14     | Found a gate to the Vaults.
 15974 | D:14     | Killed Nessos
 16127 | D:14     | Reached skill level 10 in Evocations
 16560 | D:14     | Gained mutation: You are robust. (+10% HP) [demonic
                  | ancestry]
 16560 | D:14     | Reached XP level 14. HP: 108/126 MP: 14/14
 16626 | D:14     | Noticed Azrael
 16720 | D:14     | Reached skill level 10 in Armour
 16807 | D:14     | Reached XP level 15. HP: 60/126 MP: 15/15
 17083 | D:14     | Noticed Rupert
 17099 | D:15     | Entered Level 15 of the Dungeon
 17212 | D:15     | Found a staircase to the Depths.
 17338 | D:15     | Noticed Josephine
 17351 | D:15     | Killed Josephine
 17769 | D:15     | Reached skill level 10 in Dodging
 18826 | D:3      | Killed Sigmund
 19005 | D:7      | Killed turdburglar's ghost
 19106 | Orc:1    | Entered Level 1 of the Orcish Mines
 19150 | Orc:1    | Found a transporter.
 19154 | Orc:1    | Noticed om's ghost (journeyman MfBe)
 19332 | Orc:1    | Found a transporter.
 19854 | Orc:1    | Killed om's ghost
 19949 | Orc:2    | Entered Level 2 of the Orcish Mines
 19949 | Orc:2    | Found Odaull's Weapon Boutique.
 19995 | Orc:2    | Found a staircase to the Elven Halls.
 20262 | Orc:2    | Found Juschaec's Book Boutique.
 20909 | Orc:2    | Reached skill level 15 in Long Blades
 20912 | Orc:2    | Found Rume's Magic Scroll Boutique.
 20937 | Orc:2    | Bought a scroll of enchant armour for 82 gold pieces
 20937 | Orc:2    | Bought a scroll of identify for 22 gold pieces
 20937 | Orc:2    | Bought a scroll of teleportation for 33 gold pieces
 20937 | Orc:2    | Bought a scroll of immolation for 44 gold pieces
 21051 | Orc:2    | Noticed an orc warlord
 21123 | Orc:2    | Killed an orc warlord
 21213 | Orc:2    | Found Qegim's Antique Weapon Boutique.
 21225 | Orc:2    | Found Zias Pifarr's Antique Armour Shop.
 21232 | Orc:2    | Bought a pair of runed gloves for 262 gold pieces
 21363 | Orc:2    | Bought an ancient chain mail for 332 gold pieces
 21363 | Orc:2    | Identified the +3 chain mail of Beogh's Envy {rPois rF- rC-
                  | Will+++} (You bought it in a shop on level 2 of the Orcish
                  | Mines)
 21400 | Orc:2    | Bought the +7 arbalest of Inference {flame, rCorr MP-9
                  | Str+4 SInv} for 790 gold pieces
 21479 | Lair:1   | Entered Level 1 of the Lair of Beasts
 21495 | Lair:1   | Noticed Maggie
 21520 | Lair:1   | Killed Maggie
 21793 | Lair:1   | Identified the +11 plate armour of Liem Xia {rPois Dex+2}
 22499 | Lair:2   | Identified the amulet "Buwyumeg" {Reflect Harm Int+5 SH+5}
 22541 | Lair:2   | Found a staircase to the Swamp.
 22617 | Lair:2   | Found a hole to the Spider Nest.
 22764 | Lair:2   | Identified the +4 long sword "Nollix" {vorpal, rPois Dex+4}
 22941 | Lair:2   | You fall into a shaft and drop 1 floor!
 23404 | Lair:3   | Reached XP level 16. HP: 139/139 MP: 16/16
 23900 | Lair:3   | Identified a scroll of acquirement
 24709 | Lair:4   | Found a staircase to the Slime Pits.
 24927 | Lair:5   | Entered Level 5 of the Lair of Beasts
 24953 | Slime:1  | Entered Level 1 of the Pits of Slime
 24953 | Slime:1  | Noticed an acid blob
 24961 | Lair:4   | Killed an acid blob
 25142 | Lair:5   | Reached skill level 1 in Ranged Weapons
 25671 | Lair:5   | Reached skill level 5 in Ranged Weapons
 26667 | Spider:1 | Entered Level 1 of the Spider Nest
 28134 | Spider:2 | You fall into a shaft and drop 1 floor!
 28251 | Spider:3 | Gained mutation: You are completely covered in slimy green
                  | scales. (AC +4, rPois) [demonic ancestry]
 28251 | Spider:3 | Reached XP level 17. HP: 120/152 MP: 17/17
 28322 | Spider:3 | Noticed Donald
 28338 | Spider:3 | Killed Donald
 28436 | Spider:2 | Identified the +5 great mace of the Valley {freeze, rCorr
                  | Int+6 Dex-4}
 30004 | Spider:3 | Reached skill level 15 in Fighting
 30096 | Spider:3 | Noticed Jorgrun
 30104 | Spider:3 | Killed Jorgrun
 30130 | Spider:3 | Identified the +4 kite shield of Heresy {Regen+ Int+9
                  | Dex-5}
 30130 | Spider:3 | Noticed Asterion
 30138 | Spider:3 | Killed Asterion
 30499 | Spider:4 | Entered Level 4 of the Spider Nest
 31176 | Spider:4 | Identified the +4 ring mail of Roalujus {rN+ Regen+ Dex-5}
 31306 | Spider:4 | Noticed Bai Suzhen
 31349 | Spider:3 | Killed Bai Suzhen
 32361 | Spider:4 | Paralysed by a hornet for 1 turns
 32444 | Spider:4 | Got a gossamer rune of Zot
 32610 | Swamp:1  | Entered Level 1 of the Swamp
 32621 | Lair:2   | Reached XP level 18. HP: 123/153 MP: 18/18
 33695 | Swamp:2  | Noticed a tentacled monstrosity
 33714 | Swamp:2  | Killed a tentacled monstrosity
 34466 | Swamp:3  | Reached skill level 15 in Evocations
 34698 | Swamp:4  | Entered Level 4 of the Swamp
 34842 | Swamp:4  | Noticed a tentacled monstrosity
 34865 | Swamp:4  | Killed a tentacled monstrosity
 35687 | Swamp:4  | Got a decaying rune of Zot
 36015 | Depths:1 | Entered Level 1 of the Depths
 36048 | Depths:1 | Found Ziqog's Magic Scroll Shop.
 36064 | Depths:1 | Noticed a lich
 36471 | Depths:1 | Killed a lich
 36568 | Depths:1 | Found a gateway to Hell.
 36594 | Depths:1 | Bought a scroll of immolation for 88 gold pieces
 36594 | Depths:1 | Bought a scroll of enchant armour for 165 gold pieces
 36594 | Depths:1 | Bought a scroll of enchant weapon for 165 gold pieces
 36594 | Depths:1 | Bought a scroll of teleportation for 66 gold pieces
 36708 | Depths:1 | Noticed a juggernaut
 36722 | Depths:1 | Killed a juggernaut
 36793 | Depths:1 | Found a burning altar of Makhleb.
 37286 | D:14     | Found a transporter.
 37289 | D:14     | Noticed PorkyPig's ghost (journeyman HOMo)
 37423 | D:14     | Identified the +11 halberd "Xeym Dog" {freeze, rElec Str-4
                  | Int+3 Dex+6}
 37437 | D:14     | Found a transporter.
 37537 | D:14     | Paralysed by Rupert for 4 turns
 37551 | D:14     | Killed Rupert
 37558 | D:14     | Reached XP level 19. HP: 146/162 MP: 19/19
 37657 | D:14     | Killed Azrael
 39002 | Depths:2 | Found a one-way gate leading to the halls of Pandemonium.
 39086 | Depths:2 | Reached skill level 15 in Armour
 39188 | Depths:2 | Reached skill level 1 in Necromancy
 39477 | Depths:2 | Reached skill level 5 in Necromancy
 40221 | Depths:2 | Found Ryhizor's Tremendous Tomes.
 40827 | Depths:2 | Reached skill level 10 in Necromancy
 41281 | Elf:1    | Entered Level 1 of the Elven Halls
 41355 | Elf:1    | Found a radiant altar of Vehumet.
 41608 | Elf:1    | Gained mutation: You have a pair of large horns on your
                  | head. [demonic ancestry]
 41608 | Elf:1    | Reached XP level 20. HP: 83/133 MP: 20/20
 41731 | Elf:1    | Got the Quarto of Hurting
 41802 | Elf:1    | Learned a level 3 spell: Vampiric Draining
 41807 | Elf:1    | Learned a level 4 spell: Dispel Undead
 41813 | Elf:1    | Learned a level 5 spell: Agony
 42343 | Elf:1    | Found a bloodstained altar of Trog.
 43063 | Elf:2    | Found a runed translucent gate.
 43063 | Elf:2    | Found a runed translucent gate.
 43063 | Elf:2    | Found a runed translucent gate.
 44559 | Depths:2 | Identified the +0 shadow dragon scales of Baldness {Fly
                  | Dex+3 Stlth++++}
 44559 | Depths:2 | Identified the +7 tower shield "Vihy" {Dex+5}
 44592 | Depths:2 | Paralysed by something for 2 turns
 45049 | Depths:2 | Found a basalt altar of Yredelemnul.
 45776 | Depths:3 | Found a one-way gateway to a ziggurat.
 46223 | Depths:3 | Found a one-way gate to the infinite horrors of the Abyss.
 47672 | Depths:3 | Gained mutation: A meltable icy envelope protects you from
                  | harm. (AC +0) [demonic ancestry]
 47672 | Depths:3 | Reached XP level 21. HP: 122/191 MP: 21/21
 48038 | Depths:4 | Entered Level 4 of the Depths
 48527 | Depths:3 | Learned a level 2 spell: Blink
 48786 | Temple   | Fell from the grace of Ignis
 48786 | Temple   | Became a worshipper of Kikubaaqudgha
 49803 | Depths:3 | Learned a level 4 spell: Animate Dead
 49972 | Depths:4 | Found a gate to the Realm of Zot.
 50279 | Depths:4 | Reached * piety under Kikubaaqudgha
 50279 | Depths:4 | Received a gift from Kikubaaqudgha
 51018 | Depths:4 | Reached skill level 1 in Spellcasting
 51241 | Depths:4 | Noticed a caustic shrike
 51241 | Depths:4 | Noticed a caustic shrike
 51241 | Depths:4 | Noticed a caustic shrike
 51242 | Depths:4 | Noticed a caustic shrike
 51243 | Depths:4 | Noticed a caustic shrike
 51416 | D:14     | Killed PorkyPig's ghost
 51930 | Vaults:1 | Entered Level 1 of the Vaults
 51942 | Vaults:1 | Noticed Saint Roka
 52082 | Vaults:1 | Noticed Saint Roka
 52082 | Vaults:1 | Saint Roka changed into Saint Roka the iron giant
 52091 | D:14     | Killed Saint Roka the iron giant
 52242 | Vaults:1 | Reached ** piety under Kikubaaqudgha
 52409 | Vaults:1 | Reached skill level 5 in Spellcasting
 52488 | Vaults:1 | Was forgiven by Ignis
 53130 | Vaults:1 | Reached *** piety under Kikubaaqudgha
 53130 | Vaults:1 | Received a gift from Kikubaaqudgha
 53720 | Vaults:1 | You fall into a shaft and drop 1 floor!
 53804 | Vaults:2 | Found Iwigiacoa's Assorted Antiques.
 53819 | Vaults:1 | Noticed Aizul
 53830 | Vaults:1 | Killed Aizul
 54354 | Vaults:2 | Bought a potion of curing for 81 gold pieces
 54354 | Vaults:2 | Bought a scroll of blinking for 202 gold pieces
 54392 | Vaults:2 | Reached XP level 22. HP: 179/209 MP: 29/29
 54400 | Vaults:2 | Reached **** piety under Kikubaaqudgha
 54590 | Vaults:2 | Killed from afar by an ironbound frostheart

Illustrated notes

Levels and vault maps discovered:
D:1:      minmay_arrival_stair_chambers, layout_basic,
          hellmonk_ecumenical_altar_arch_garden
D:2:      layout_rooms, grunt_decor_junction, minmay_misc_feat_five,
          lemuel_flame_loot_1, uniq_terence
D:3:      minmay_wonky_spiral, layout_basic, uniq_sigmund, uniq_ijyb
D:4:      layout_loops_corners, serial_glass, glass_columns_c, glass_columns_b,
          glass_columns_a, glass_columns_a, st_stairs_4, uniq_edmund
D:5:      layout_loops_ring, nicolae_qazlal_eye_of_the_storm, enter_ossuary_3,
          guppyfry_early_orc_mine, uniq_crazy_yiuf_cottage, uniq_prince_ribbit1
D:6:      layout_basic, serial_shops, nicolae_shop_crystal, eino_tiny_chamber,
          grunt_ministairs_14, uniq_eustachio, uniq_grinder
D:7:      layout_rooms, mainiacjoe_overflow_concentric_impassable,
          minmay_temple_entry_sparse_star, hellmonk_ghost_happy_afterlife,
          reono_crystal_passage, uniq_pikel
D:8:      layout_rooms, disabler_island
D:9:      layout_rooms, nicolae_sif_muna_condensation, enter_bailey_3,
          nicolae_benzene_ring, grunt_decor_cap, grunt_decor_arrowhead,
          dilly_guarded_unrand_elemental_staff
D:10:     layout_loops_ring, elyvilon_altar_5, erik_orc_1, uniq_snorg,
          uniq_erolcha, uniq_grum
D:11:     layout_roguey, lair_entry_dummy, uniq_lodul
D:12:     layout_long_grid, serial_shops, nicolae_shop_hallway_plus,
          gauntlet_entry_generic
D:13:     layout_roguey, small_chamber_with_monster, uniq_sonja, uniq_maurice
D:14:     regret_index_wax_grids, layout_loops_ring, david_vaults_3,
          tso_metal_star, gammafunk_ghost_mausoleum, uniq_rupert, uniq_azrael
D:15:     grunt_enter_depths_snipers, layout_loops_ring, serial_bayou_lagoon_a,
          uniq_josephine
Temple:   nicolae_temple_no_exploring_needed
Lair:1:   layout_roguey, beast_lair_carwin_9, uniq_maggie
Lair:2:   layout_chaotic_city, minmay_swamp_entry_swarm,
          hellmonk_spider_entry_not_the_bees, chequers_serial_rivers_micro_a,
          pond, serial_bayou_shore_a
Lair:3:   cheibrodos_lair_river_kwai, layout_long_grid
Lair:4:   beast_lair_carwin_large_3, layout_gridlike,
          minmay_slime_entry_oklob_open
Lair:5:   gammafunk_lair_ancient_temple, layout_regular_city,
          small_statue_intersection, minmay_lair_drake_nest
Swamp:1:  layout_falls_marsh, nicolae_swamp_little_swirl
Swamp:2:  layout_basic_swamp, evilmike_swamp_ruin_rubble_1, swamp_pool3
Swamp:3:  layout_falls_marsh, evilmike_swamp_ruin_house_3,
          infiniplex_staircase_pool
Swamp:4:  swamp_fiery, layout_basic_swamp
Spider:1: layout_spider_delve
Spider:2: layout_spider_delve
Spider:3: layout_spider_delve, nicolae_spider_some_kinda_spiderbox,
          uniq_jorgrun, uniq_donald, uniq_asterion
Spider:4: spider_rune_water, uniq_bai_suzhen
Slime:1:  layout_caves
Orc:1:    layout_diamond_mine, gammafunk_ghost_arena
Orc:2:    grunt_orc_community_town_hall, layout_caves,
          grunt_orc_community_big_house_1, grunt_orc_community_big_house_1,
          grunt_orc_community_house_3, grunt_orc_community_house_3,
          grunt_orc_community_house_3, grunt_orc_community_house_3,
          grunt_orc_community_house_3, grunt_orc_community_house_2,
          serial_shops, nicolae_shop_hallway_stairs
Elf:1:    eino_elf_arrival_altar, layout_loops_cross, minmay_elf_sorcery,
          st_stairs_3, evilmike_spriggan_trog_shrine
Elf:2:    elven_hall_of_blades_hangedman_original [nicolae_blade_lattice],
          layout_loops_cross
Vaults:1: hangedman_vaults_corner_blocks, hangedman_vaults_stitches,
          v_pattern_5, hangedman_vaults_corner, nicolae_vaults_display_case,
          v_misc_30, hangedman_vaults_restitches,
          nicolae_vaults_little_squares_3, nicolae_vaults_gold_heap,
          layout_vaults_big_room, uniq_saint_roka, uniq_aizul
Vaults:2: v_misc_10, v_misc_24, nicolae_vaults_border_crossing, v_alt_pattern_3,
          v_misc_22, vaults_dpeg_ring, ontoclasm_vaults_decontamination,
          vaults_room_fours, layout_vaults_omnigrid, serial_shops, shop_statue,
          nicolae_shop_behind_doors, nicolae_shop_trees, uniq_margery
Depths:1: layout_big_octagon, dreamdust_wishing_well, hell_entry, serial_shops,
          nicolae_shop_waterfront, grunt_decor_mini_mirrors,
          minmay_misc_feat_doors, makhleb_altar_promises_db
Depths:2: lemuel_vampire_tower, layout_gridlike, rand_demon_pan_entry_7,
          hangedman_coc_ice_floe, serial_glass, glass_columns_b,
          glass_columns_b, glass_columns_b, glass_columns_b, glass_columns_a,
          glass_columns_c, hangedman_decor_diamond_cutter,
          nicolae_shop_i_like_big_books
Depths:3: wad_arrow_thing, layout_gridlike, enter_ziggurat_c, abyss_entry,
          hangedman_decor_riveting, hellmouth_1, uniq_grunn
Depths:4: grunt_crosshair, layout_small_grid, okawaru_ov_weapons_minmay,
          hell_entry, corexii_hall_statues_deadend

Skill      XL: |  1  2  3  4  5  6  7  8  9 10 11 12 13 14 15 16 17 18 19 20 21 |
---------------+----------------------------------------------------------------+-----
Polearms       | 3 4 5 6 |  6.2
Long Blades    | 3 6 9 10 11 12 14 16 17 18 20 | 20.0
Fighting       | 7 10 12 14 16 18 20 | 20.0
Evocations     | 5 10 13 15 | 15.0
Armour         | 5 9 10 13 15 | 15.0
Dodging        | 5 6 10 | 10.0
Ranged Weapons | 5 9 |  9.7
Necromancy     | 10 | 10.0
Spellcasting   | 5 |  5.0
Throwing       | |  1.7

Action                   |  1- 3 |  4- 6 |  7- 9 | 10-12 | 13-15 | 16-18 | 19-21 | 22-24 || total
-------------------------+-------+-------+-------+-------+-------+-------+-------+-------++-------
Melee: Trident           |   113 |    93 |       |       |       |       |       |       ||   206
       Headbutt          |     7 |    23 |    43 |    92 |   219 |   439 |   512 |     7 ||  1342
       Punch             |     1 |     1 |       |       |       |       |       |       ||     2
       Triple sword      |       |    31 |   292 |   467 |  1059 |  1516 |  1673 |    23 ||  5061
       Scimitar          |       |       |       |    19 |    30 |    42 |       |       ||    91
 Fire: Arbalest          |       |       |       |       |     2 |    40 |    31 |       ||    73
Throw: Throwing net      |       |     1 |     2 |       |       |       |       |       ||     3
       Dart              |       |       |    11 |    17 |     1 |       |       |       ||    29
 Cast: Dispel Undead     |       |       |       |       |       |       |    31 |       ||    31
Invok: Fiery Armour      |       |     2 |       |     2 |       |     1 |     1 |       ||     6
       Foxfire Swarm     |       |     1 |     1 |       |       |       |     2 |       ||     4
       Rising Flame      |       |       |       |       |       |       |     1 |       ||     1
 Abil: Evoke Invisibilit |       |       |       |     4 |     5 |     8 |    10 |     1 ||    28
Evoke: Wand              |       |       |       |    15 |     9 |    22 |    24 |       ||    70
       Lightning rod     |       |       |       |       |     2 |       |     9 |       ||    11
       Tin of tremorston |       |       |       |       |       |       |     3 |       ||     3
  Use: Scroll            |       |       |     8 |    14 |     5 |     6 |    13 |       ||    46
       Potion            |       |       |     1 |     4 |     2 |     4 |     3 |     1 ||    15
 Stab: Sleeping          |     1 |       |       |       |       |       |       |       ||     1
       Invisible         |       |       |       |    12 |     7 |    18 |    39 |       ||    76
Armor: Leather armour    |    14 |       |       |       |       |       |       |       ||    14
       Ring mail         |     1 |    40 |   108 |   298 |   483 |   790 |   797 |    24 ||  2541
       Steam dragon scal |       |       |    23 |    18 |       |       |       |       ||    41
Dodge: Dodged            |    50 |    95 |   141 |   439 |  1098 |  1762 |  1581 |    61 ||  5227
Block: Other             |    15 |    18 |    36 |   115 |   219 |   279 |   241 |     3 ||   926
